 Dungeon Crawl Stone Soup version 0.26-a0-682-g294304f6e8 (webtiles) character file.

Game seed: 701314533003781740

(classic levelgen) 15 EnegeticOcto the Digger (level 2, -1/17 HPs)
             Began as a Halfling Earth Elementalist on Oct 20, 2020.
             Slain by an adder (2 damage)
             ... on level 2 of the Dungeon.
             The game lasted 00:02:19 (388 turns).

EnegeticOcto the Digger (HaEE)                       Turns: 388, Time: 00:02:20

Health: -1/17      AC: 10    Str:  9    XL:     2   Next: 65%
Magic:  4/4        EV:  2    Int: 13    God:
Gold:   16         SH:  0    Dex: 14    Spells: 3/4 levels left

rFire    . . .     SeeInvis .   b - +0 hunting sling
rCold    . . .     Faith    .   (shield restricted)
rNeg     . . .     Spirit   .   f - +0 plate armour
rPois    .         Reflect  .   (no helmet)
rElec    .         Harm     .   (no cloak)
rCorr    .         Rampage  .   (no gloves)
MR       .....                  (no boots)
Stlth    ..........             (no amulet)
HPRegen  0.05/turn              (no ring)
MPRegen  0.09/turn              (no ring)

@: lethally poisoned (-1 -> -5)
A: small, mutation resistance 1
a: no special abilities


You were on level 2 of the Dungeon.
You visited 1 branch of the dungeon, and saw 2 of its levels.

You collected 16 gold pieces.

Inventory:

Hand Weapons
 a - a +0 whip
 b - a +0 hunting sling (weapon)
Missiles
 e - 6 sling bullets (quivered)
 h - 75 stones
Armour
 c - a +0 robe
 f - a +0 plate armour (worn)
Scrolls
 d - a scroll of identify {unknown}
 g - a scroll of enchant armour {unknown}


   Skills:
 + Level 1.2 Slings
 - Level 2.1 Dodging
 - Level 2.1 Stealth
 - Level 1.5 Spellcasting
   Level 0.5 Transmutations
 - Level 3.6 Earth Magic


You had 3 spell levels left.
You knew the following spells:

 Your Spells              Type           Power        Failure   Level
a - Sandblast             Erth           ##....       100%        1

Your spell library contained the following spells:

 Spells                   Type           Power        Failure   Level
 Passwall                 Tmut/Erth      #.......     100%        2
 Stone Arrow              Conj/Erth      #.....       100%        3
 Petrify                  Tmut/Erth      #.......     100%        4
 Lee's Rapid Deconstruct  Erth           ##........   100%        5


Dungeon Overview and Level Annotations

Branches:
Dungeon (2/15)

Altars:
Makhleb


Innate Abilities, Weirdness & Mutations

You are small and have problems with some larger weapons.
You are somewhat resistant to further mutation.


Message History

You swing at nothing.
You swing at nothing.
You swing at nothing.
You swing at nothing.
You swing at nothing.
You swing at nothing.
You swing at nothing.
You swing at nothing.
You swing at nothing.
You swing at nothing.
You swing at nothing.
You swing at nothing.
You swing at nothing.
You swing at nothing.
You swing at nothing.
You swing at nothing.
You swing at nothing.
You swing at nothing.
You swing at nothing.
You swing at nothing.
You swing at nothing.
You swing at nothing.
You swing at nothing.
You swing at nothing.
You swing at nothing.
You swing at nothing.
You swing at nothing.
You swing at nothing.
You swing at nothing.
You swing at nothing.
You swing at nothing.
You swing at nothing.
You swing at nothing.
You swing at nothing.
You swing at nothing.
You swing at nothing.
You swing at nothing.
You swing at nothing.
You swing at nothing.
You swing at nothing.
You swing at nothing.
You swing at nothing.
You swing at nothing.
You swing at nothing.
You swing at nothing.
You swing at nothing.
You swing at nothing.
You swing at nothing.
You swing at nothing.
You swing at nothing.
You swing at nothing.
You swing at nothing.
b - a +0 hunting sling (weapon)
Found a stone staircase leading up.
Found a stone staircase leading down.
An adder comes into view.
The adder hisses angrily.
Found a runed short sword.
Firing (i - inventory. (/) - cycle)
e - 12 sling bullets (quivered)
Press: ? - help, Shift-Dir - straight line, f - adder
Aim: an adder You shoot a sling bullet.
The sling bullet barely misses the adder.
Firing (i - inventory. (/) - cycle)
e - 11 sling bullets (quivered)
Press: ? - help, Shift-Dir - straight line, f/p - adder
Aim: an adder You shoot a sling bullet.
The sling bullet hits the adder.
The adder is heavily wounded.
The adder bites you.
You are lethally poisoned!
The adder poisons you!
Firing (i - inventory. (/) - cycle)
e - 10 sling bullets (quivered)
Press: ? - help, Shift-Dir - straight line, f/p - adder
Aim: an adder (heavily wounded)
You shoot a sling bullet.
The sling bullet closely misses the adder.
* * * LOW HITPOINT WARNING * * *
You feel sick. The adder bites you but does no damage.
Firing (i - inventory. (/) - cycle)
e - 9 sling bullets (quivered)
Press: ? - help, Shift-Dir - straight line, f/p - adder
Aim: an adder (heavily wounded)
You shoot a sling bullet.
The sling bullet closely misses the adder.
The adder bites you but does no damage. x2
Firing (i - inventory. (/) - cycle)
e - 8 sling bullets (quivered)
Press: ? - help, Shift-Dir - straight line, f/p - adder
Aim: an adder (heavily wounded)
You shoot a sling bullet. The sling bullet hits the adder.
The adder is almost dead.
* * * LOW HITPOINT WARNING * * *
You feel sick. The adder bites you.
* * * LOW HITPOINT WARNING * * *
You aren't carrying any potions.
Firing (i - inventory. (/) - cycle)
e - 7 sling bullets (quivered)
Press: ? - help, Shift-Dir - straight line, f/p - adder
Aim: an adder (almost dead)
You shoot a sling bullet.
The sling bullet closely misses the adder.
The adder bites you.
You die...

#.#.##..##
.........#
###.###..###
.........)
#.........
....>...#
#..###.###
###......###
##.###.###
.......(...#
#..##....
.......(.#.#
##.#####.
.......S.#.######.#
#.
...<...@.#.#.b..#.#
##
...##......######.#
# #.##...# #.# #.
#.#.######.# #
#.#........#
#.###...#### #.#
##..# #.. #.....# #
### #.###.....#


You could see an adder.

Vanquished Creatures
  A leopard gecko (D:1)
  A giant cockroach (D:2)
  2 goblins (D:2)
  3 hobgoblins
  A kobold (D:2)
  A quokka (D:2)
  2 bats (D:2)
  A rat (D:2)
12 creatures vanquished.

Notes
Turn   | Place    | Note
-------+----------+-------------------------------------------
     0 | D:1      | EnegeticOcto the Halfling Earth Elementalist began the
                  | quest for the Orb.
     0 | D:1      | Reached XP level 1. HP: 11/11 MP: 3/3
    90 | D:2      | Reached XP level 2. HP: 17/17 MP: 1/4
   230 | D:2      | Found a burning altar of Makhleb.
   230 | D:2      | Noticed a green death
   282 | D:2      | Reached skill level 1 in Slings
   388 | D:2      | Slain by an adder

Illustrated notes

Levels and vault maps discovered:
D:1:      co_arrival_random_square_maze, layout_basic
D:2:      layout_rooms, makhleb_altar_promises_db, serial_aquarium,
          aquarium_bridge_straight [aquarium_subvault_bridge,
          aquarium_subvault_wall, aquarium_subvault_bridge,
          aquarium_subvault_wall], aquarium_window_3, aquarium_window_1,
          aquarium_view_2d, aquarium_view_2a, aquarium_balcony_1b,
          aquarium_pool_five

Skill      XL: |  1  2 |
---------------+-------+-----
Slings         | 1 |  1.2
Dodging        | |  2.1
Stealth        | |  2.1
Spellcasting   | |  1.5
Transmutations | |  0.5
Earth Magic    | |  3.6

Action                   || total
-------------------------++-------
Melee: Whip              ||    26
 Fire: Hunting sling     ||    38
 Cast: Sandblast         ||     9
Armor: Plate armour      ||    32
       Robe              ||     4
Dodge: Dodged            ||    36

Table legend: (Time is in decaauts)
 A = Elapsed time spent in this place.
 B = Non-inter-level travel time spent in this place.
 C = Inter-level travel time spent in this place.
 D = Time resting spent in this place.
 E = Time spent auto-exploring this place.
 F = Levels seen in this place.
 G = Mean time per level.
                   A        B        C        D        E       F      G
               +--------+--------+--------+--------+--------+-----+--------+
         Total |    423 |    414 |      9 |      0 |      0 |   2 |  211.5 |
       Dungeon |    423 |    414 |      9 |      0 |      0 |   2 |  211.5 |
               +--------+--------+--------+--------+--------+-----+--------+

Top non-repeatable levels by time:
     D:2: 355 daAuts
     D:1: 68 daAuts
